 Dungeon Crawl Stone Soup version 0.21.1-1-g345015fe64 (webtiles) character file.

216 Ryomija the Chopper (level 5, 0/32 HPs)
             Began as a Gargoyle Fighter on May 13, 2018.
             Slain by NeonDemon's ghost (6 damage)
             ... on level 4 of the Dungeon.
             The game lasted 00:04:56 (2338 turns).

Ryomija the Chopper (Gargoyle Fighter)              Turns: 2338, Time: 00:04:56

Health: 0/32       AC: 13    Str: 22    XL:     5   Next: 93%
Magic:  5/5        EV:  7    Int:  9    God:
Gold:   199        SH: 12    Dex:  9    Spells: 4/4 levels left

rFire    . . .     SeeInvis .   a - +0 war axe
rCold    . . .     Gourm    .   c - +0 shield
rNeg     + . .     Faith    .   b - +0 scale mail
rPois    ∞         Spirit   .   t - +0 helmet
rElec    +         Reflect  +   j - +0 cloak
rCorr    .         Harm     .   (no gloves)
MR       .....                  (no boots)
Stlth    ..........             e - +3 amulet of reflection
HPRegen  0.10/turn              u - +2 ring of strength
MPRegen  0.09/turn              (no ring)

@: no status effects
A: negative energy resistance 1, electricity resistance, unbreathing,
petrification resistance, rot immunity, AC +4
a: no special abilities


You were on level 4 of the Dungeon.
You were not hungry.

You visited 1 branch of the dungeon, and saw 4 of its levels.

You collected 199 gold pieces.

Inventory:

Hand Weapons
 a - a +0 war axe (weapon)
Armour
 b - a +0 scale mail (worn)
 c - a +0 shield (worn)
 j - a +0 cloak (worn)
 t - a +0 helmet (worn)
Jewellery
 e - a +3 amulet of reflection (around neck)
 u - a +2 ring of strength (left hand)
Scrolls
 g - 2 scrolls of identify {unknown}
 k - 2 scrolls of noise {unknown}
 m - a scroll of magic mapping {unknown}
 o - 5 scrolls of remove curse {unknown}
 s - a scroll of teleportation {unknown}
Potions
 d - a potion of might
 h - a potion of haste {unknown}
 i - 4 potions of curing {unknown}
 l - a potion of degeneration {unknown}
 n - a potion of invisibility {unknown}
 p - a potion of cancellation {unknown}
 r - a potion of flight {unknown}
Comestibles
 f - 7 rations


   Skills:
 - Level 3.3 Fighting
 + Level 5.3 Axes
 - Level 3.4 Armour
 - Level 3.3 Shields


You had 4 spell levels left.
You didn't know any spells.

Dungeon Overview and Level Annotations

Branches:
Dungeon (4/15)
 Temple: D:4-7

Altars:
Elyvilon
Fedhas

Annotations:
D:4 NeonDemon's ghost, amateur HaBe


Innate Abilities, Weirdness & Mutations

You are resistant to torment.
Your stone body is resilient. (AC +4)
You are immune to poison.
You resist negative energy. (rN+)
You are resistant to electric shocks. (rElec)
You can survive without breathing.
You are immune to petrification.
You are immune to rotting.


Message History

You barely miss NeonDemon's ghost.
NeonDemon's ghost is moderately damaged.
You block NeonDemon's ghost's attack. NeonDemon's ghost closely misses you.
Your shield and scale mail prevent you from hitting NeonDemon's ghost.
NeonDemon's ghost is moderately damaged.
NeonDemon's ghost shrieks, "Do you think the gods will protect you?"
You block NeonDemon's ghost's attack.
You closely miss NeonDemon's ghost.
NeonDemon's ghost is moderately damaged.
NeonDemon's ghost hits you but does no damage.
You closely miss NeonDemon's ghost.
NeonDemon's ghost is moderately damaged.
You block NeonDemon's ghost's attack.
NeonDemon's ghost whispers, "Death is liberation."
NeonDemon's ghost hits you!
* * * LOW HITPOINT WARNING * * *
Your shield and scale mail prevent you from hitting NeonDemon's ghost.
NeonDemon's ghost is moderately damaged.
NeonDemon's ghost hits you.
You die...

#). ...#.
#..####....
#..?......
###........
##..........
##.........#
#........W.# ##
##........@.# .#
#...........# .#
##...........# .#
###...........##
####........)....#
###..#.....)[)...#
#.<###..........##
.### #...........#
## ####..........#


You could see NeonDemon's ghost.

Vanquished Creatures
  An orc wizard (D:4)
  A worker ant (D:4)
  Robin (D:3)
  6 adders
  An ooze (D:3)
  A worm (D:3)
  A dart slug (D:2)
  12 orcs
  A ball python (D:2)
  6 giant cockroaches
  9 goblins
  6 hobgoblins
  8 jackals
  A quokka (D:2)
  6 bats
  5 frilled lizards (D:2)
  8 kobolds
  4 rats
78 creatures vanquished.

Vanquished Creatures (others)
  A goblin (D:3)
1 creature vanquished.

Grand Total: 79 creatures vanquished

Notes
Turn   | Place    | Note
-------+----------+-------------------------------------------
     0 | D:1      | Ryomija the Gargoyle Fighter began the quest for the Orb.
     0 | D:1      | Reached XP level 1. HP: 14/14 MP: 1/1
   241 | D:1      | Reached skill level 2 in Axes
   242 | D:1      | Reached XP level 2. HP: 14/19 MP: 2/2
   897 | D:2      | Reached XP level 3. HP: 20/23 MP: 3/3
   909 | D:2      | Reached skill level 3 in Axes
  1106 | D:2      | Found a blossoming altar of Fedhas.
  1108 | D:2      | Found a white marble altar of Elyvilon.
  1139 | D:2      | Reached XP level 4. HP: 24/28 MP: 4/4
  1483 | D:3      | Reached skill level 4 in Axes
  1797 | D:3      | Noticed Robin
  1849 | D:3      | Killed Robin
  1849 | D:3      | Reached XP level 5. HP: 32/32 MP: 5/5
  2172 | D:4      | Reached skill level 5 in Axes
  2320 | D:4      | Noticed NeonDemon's ghost (amateur HaBe)
  2338 | D:4      | Slain by NeonDemon's ghost

Skill      XL: |  1  2  3  4  5 |
---------------+----------------+-----
Axes           | 2 3 4 5 |  5.3
Fighting       | |  3.3
Armour         | |  3.4
Shields        | |  3.3

Action                   |  1- 3 |  4- 6 || total
-------------------------+-------+-------++-------
Melee: War axe           |   115 |   150 ||   265
  Eat: Chunk             |     1 |     4 ||     5
Armor: Scale mail        |    90 |    70 ||   160
Dodge: Dodged            |    47 |    33 ||    80
Block: Shield            |   109 |   115 ||   224
       Reflection        |     2 |     3 ||     5
